 Dungeon Crawl Stone Soup version 0.30-a0-626-gd6a5dd7a1f (webtiles) character file.

Game seed: 12831725072416710737

88641 themarg the Hand of Fortune (level 15, 0/142 HPs)
             Began as a Gnoll Transmuter on Jan 11, 2023.
             Was the Champion of Nemelex Xobeh.
             Slain by a vault guard
             ... wielding a +0 dire flail
              (4 damage)
             ... on level 14 of the Dungeon on Jan 12, 2023.
             The game lasted 01:41:04 (26026 turns).

themarg the Hand of Fortune (Gnoll Transmuter)     Turns: 26026, Time: 01:41:05

Health: 0/142      AC: 11    Str: 15    XL:     15   Next: 94%
Magic:  28/30      EV: 14    Int: 25    God:    Nemelex Xobeh [******]
Gold:   2437       SH:  0    Dex: 12    Spells: 14/37 levels left

rFire   x . .      SeeInvis .      - Unarmed
rCold   + + +      Faith    .    (shield currently unavailable)
rNeg    . . .      Spirit   .    (body armour currently unavailable)
rPois   +          Reflect  .    (helmet currently unavailable)
rElec   .          Harm     .    (cloak currently unavailable)
rCorr   +          Rampage  .    (gloves currently unavailable)
Will    ++...                    (boots currently unavailable)
Stlth   ++++                     (no amulet)
HPRegen 0.43/turn                T - ring of the Barracuda {Will+ rCorr Int+4}
MPRegen 0.22/turn                U - +6 ring of strength

@: ice-form, studying Invocations
A: freezing attack, amphibious, boosted hp, large, (fangs 1), strong nose,
distributed training
a: End Transformation, Renounce Religion, Draw Escape, Draw Destruction, Draw
Summoning, Triple Draw, Deal Four, Stack Five


You were on level 14 of the Dungeon.
You worshipped Nemelex Xobeh.
Nemelex Xobeh was exalted by your worship.
You were a creature of crystalline ice.
You visited 4 branches of the dungeon, and saw 22 of its levels.
You also visited: Sewer, Ossuary, Bailey and Gauntlet.

You collected 3931 gold pieces.
You spent 1494 gold pieces at shops.

Inventory:

Hand Weapons
 Z - the +2 mace "Denycu" (melded) {vamp, rCorr Dex+2}
   (You found it on level 3 of the Lair of Beasts)

   Dex:       It affects your dexterity (+2).
   rCorr:     It protects you from acid and corrosion.
Missiles
 e - 5 javelins
 m - 6 silver javelins
 K - 4 throwing nets
 R - 3 atropa-tipped darts
 S - 4 curare-tipped darts
Armour
 a - the +3 robe of Clouds (melded) {*Thunder rCloud rElec}
   (You found it on level 5 of the Lair of Beasts)

   It occasionally creates storm clouds above nearby enemies.
   It grants its wearer immunity to clouds.
   rElec:     It insulates you from electricity.
 s - a +2 cloak (melded)
 x - a +2 helmet of see invisible (melded)
 z - a +2 pair of gloves (melded)
 D - a +2 troll leather armour {Snorg}
Jewellery
 u - a ring of poison resistance
 B - a ring of ice
 H - a ring of willpower
 O - an amulet of regeneration
 T - the ring of the Barracuda (left front paw) {Will+ rCorr Int+4}
   (You found it on level 5 of the Lair of Beasts)

   [ring of willpower]

   Int:       It affects your intelligence (+4).
   rCorr:     It protects you from acid and corrosion.
   Will:      It increases your willpower.
 U - a +6 ring of strength (right front paw)
 X - the ring of Bofapt {Fire rN+ Str+3 Int+4}
   (You found it on level 2 of the Lair of Beasts)

   [ring of fire]

   It enhances your fire magic.
   Str:       It affects your strength (+3).
   Int:       It affects your intelligence (+4).
   rF:        It protects you from fire.
   rC:        It makes you vulnerable to cold.
   rN:        It protects you from negative energy.
Wands
 q - a wand of paralysis (3)
 y - a wand of iceblast (17)
 I - a wand of flame (45)
 M - a wand of acid (4)
 N - a wand of mindburst (8)
 V - a wand of digging (3)
 W - a wand of polymorph (7)
Scrolls
 h - 10 scrolls of teleportation
 j - 4 scrolls of butterflies
 k - 3 scrolls of amnesia
 n - 3 scrolls of vulnerability
 p - a scroll of magic mapping
 r - 5 scrolls of immolation
 v - 6 scrolls of fog
 w - 5 scrolls of enchant weapon
 A - 6 scrolls of blinking
 C - a scroll of poison
 E - 4 scrolls of fear
 G - 3 scrolls of brand weapon
Potions
 b - a potion of resistance
 c - a potion of cancellation
 d - 3 potions of might
 f - 7 potions of flight
 g - 9 potions of curing
 i - 5 potions of attraction
 l - 8 potions of haste
 o - 6 potions of mutation
 t - 5 potions of brilliance
 F - 5 potions of heal wounds
 J - 5 potions of lignification
 P - a potion of magic
 Q - 3 potions of berserk rage
 Y - a potion of ambrosia
Miscellaneous
 L - a tin of tremorstones (2/2)


   Skills:
 + Level 11.2 Fighting
 + Level 10.8 Short Blades
 + Level 10.8 Long Blades
 + Level 10.8 Axes
 + Level 10.8 Maces & Flails
 + Level 10.8 Polearms
 + Level 10.8 Staves
 + Level 10.8 Ranged Weapons
 + Level 10.8 Throwing
 + Level 10.8 Armour
 + Level 11.7 Dodging
 + Level 10.8 Stealth
 + Level 10.8 Shields
 + Level 12.6 Unarmed Combat
 + Level 11.9 Spellcasting
 + Level 9.1 Conjurations
 + Level 9.1 Hexes
 + Level 9.1 Summonings
 + Level 9.1 Necromancy
 + Level 9.1 Translocations
 + Level 9.9 Transmutations
 + Level 9.1 Fire Magic
 + Level 9.1 Ice Magic
 + Level 9.1 Air Magic
 + Level 9.1 Earth Magic
 + Level 9.1 Poison Magic
 + Level 15.2 Invocations
 + Level 10.8 Evocations


You had 14 spell levels left.
You knew the following spells:

 Your Spells              Type           Power      Damage    Failure   Level
a - Beastly Appendage     Tmut           100%       N/A       1%          1
b - Wereblood             Tmut           59%        N/A       1%          2
c - Spider Form           Tmut/Pois      58%        N/A       1%          3
d - Ice Form              Ice/Tmut       58%        N/A       1%          4
e - Mephitic Cloud        Conj/Pois/Air  57%        N/A       1%          3
f - Borgnjor's Vile Clut  Necr/Erth      28%        N/A       2%          5
g - Freezing Cloud        Conj/Ice/Air   28%        6-21      2%          5

Your spell library contained the following spells:

 Spells                   Type           Power      Damage    Failure   Level
 Kiss of Death            Conj/Necr      100%       2d13      1%          1
 Magic Dart               Conj           100%       1d8       1%          1
 Slow                     Hex            100%       N/A       1%          1
 Summon Small Mammal      Summ           100%       N/A       1%          1
 Call Imp                 Summ           57%        N/A       1%          2
 Cigotuvi's Dreadful Rot  Necr/Pois/Air  100%       N/A       1%          2
 Ensorcelled Hibernation  Hex/Ice        100%       N/A       1%          2
 Passwall                 Tmut/Erth      48%        N/A       1%          2
 Poisonous Vapours        Pois/Air       100%       N/A       1%          2
 Scorch                   Fire           100%       2d10      1%          2
 Call Canine Familiar     Summ           57%        N/A       1%          3
 Confusing Touch          Hex            57%        N/A       1%          3
 Ignite Poison            Fire/Tmut/Pois 58%        N/A       1%          3
 Kindle Blastsparks       Fire/Tloc/Air  100%       2d18      1%          3
 Summon Guardian Golem    Hex/Summ       57%        N/A       1%          3
 Swiftness                Air            57%        N/A       1%          3
 Vampiric Draining        Necr           57%        2d10      1%          3
 Animate Dead             Necr           57%        N/A       1%          4
 Dispel Undead            Necr           57%        3d20      1%          4
 Flame Wave               Conj/Fire      57%        2d14      1%          4
 Death Channel            Necr           28%        N/A       14%         6
 Summon Cactus Giant      Summ           28%        N/A       14%         6


Dungeon Overview and Level Annotations

Branches:
Dungeon (14/15)            Temple (1/1) D:4            Lair (5/5) D:10
 Shoals (0/4) Lair:3       Spider (0/4) Lair:2        Slime (0/5) Lair:5
    Orc (2/2) D:12            Elf (0/3) Orc:2        Vaults (0/5) D:14
  Sewer (visited)         Ossuary (visited)          Bailey (visited)
Gauntlet (visited)

Altars:
Ashenzari
Cheibriados
Dithmenos
Elyvilon
Fedhas
Gozag
Hepliaklqana
Kikubaaqudgha
Makhleb
Nemelex Xobeh
Okawaru
Qazlal
Ru
Sif Muna
Trog
Uskayaw
Vehumet
Wu Jian
Xom
Yredelemnul
Zin
The Shining One
Jiyva

Shops:
D:2 =   D:7 :   Orc:2 ==[=

Portals:
Trove: D:10 (give 14 scrolls of teleportation)

Annotations:
D:4 1 exclusion


Innate Abilities, Weirdness & Mutations

You are a creature of crystalline ice.
You have a powerful freezing melee attack.
You are amphibious.
Your maximum health is increased.
Your armour is entirely melded.
You are incapable of wielding weapons or throwing items.
((You have very sharp teeth.))
Your uncanny sense of smell can sniff out nearby items.
Your experience applies equally to all skills.


Message History

The vault guard slams into the rock wall!
The vault guard is moderately wounded.
The electrical discharge engulfs the vault guard!
You kill the vault guard!
The electrical discharge engulfs the vault guard!
The vault guard is lightly wounded.
You hear mighty peals of thunder!
You hear a shout! x2; You hear two shouts!
You hear a shout! x4
The vault guard is engulfed in freezing vapours.
The vault guard hits you with a +1 battleaxe of freezing!!
* * * LOW HITPOINT WARNING * * *
The vault guard freezes you.
* * * LOW HITPOINT WARNING * * *
Aiming: Mindburst
Press: ? - help, Shift-Dir - straight line, f - vault guard
Aim: a vault guard, wielding a +1 battleaxe of freezing and wearing a +0 plate armour (translocational energy, moderately wounded, chance to affect: 67%)
The vault guard's mind is blasted!!!
The vault guard is engulfed in freezing vapours.
The vault guard completely misses you.
A vault guard comes into view.
It is wielding a +0 dire flail and wearing a +2 plate armour of poison resistance.
You draw a card...
You have drawn the Orb.
Press: ? - help, Shift-Dir - straight line, f - vault guard, p - vault guard
Aim: a vault guard, wielding a +0 dire flail and wearing a +2 plate armour of poison resistance (wandering, hasn't noticed you)
The wavering orb of destruction weakly hits the vault guard!
You blow up the vault guard!
You draw... (choose one card, ? for their descriptions)
a - the Tomb b - Velocity
c - the Tomb You have drawn Velocity.
The vault guard seems to slow down. x2
You feel yourself speed up.
The vault guard hits you with a +1 battleaxe of electrocution.
* * * LOW HITPOINT WARNING * * *
You are electrocuted!
* * * LOW HITPOINT WARNING * * *
The vault guard shouts!
The vault guard hits you with a +0 dire flail.
You die...
Your body disappears without a glow.

#..# ####.... #..#
#.... # #..# #....
#. #..####p. # #....
#..###ā˜¼...p.pāˆ©
..##.... #....)..#
#....... #.......##
###.... #...##.pp#
#.... #.. #..Y#
#.... #. #...# #
####.... #
#...####.####..<....
#......#.#..####....
#......# ...# #....
#....<.# #..# #....
#......###..# #....
āˆ† #...........#
#.... āˆ†
#...........# #....


You could see 2 vault guards.

Vanquished Creatures
  An orc warlord (Bailey)
  The ghost of Dordric the Severer, a journeyman HOMo of the Shining One (Orc:2)
  A dire elephant (Lair:5)
  Snorg (D:13)
  2 hydras
  3 vault guards (D:14)
  Erolcha (Orc:2)
  2 catoblepae
  A death knight (D:13)
  3 centaur warriors (D:13)
  A boulder beetle (D:13)
  4 two-headed ogres
  A deep troll shaman (Lair:5)
  19 death yaks
  7 orc high priests (Orc:2)
  A harpy (shapeshifter) (Gauntlet)
  3 harpies (Lair:3)
  A necromancer (Gauntlet)
  2 orc sorcerers
  2 orc knights
  3 ugly things (D:13)
  3 deep elf pyromancers
  A manticore (D:13)
  6 elephants (Lair:5)
  A torpor snail (Lair:4)
  6 black mambas
  6 cane toads
  An ice statue (Gauntlet)
  3 gargoyles
  Maggie (D:8)
  2 unseen horrors
  3 kobold demonologists
  8 rime drakes
  15 komodo dragons
  6 trolls
  An ice devil (Gauntlet)
  2 polar bears
  3 hornets
  8 dream sheep
  12 blink frogs
  A centaur simulacrum (D:14)
  23 slime creatures
  5 wraiths
  2 shadows
  3 wyverns
  41 yaks
  4 redbacks (Lair:2)
  2 basilisks
  2 steam dragons
  12 vampire mosquitoes
  5 wargs
  2 acid dragons
  3 two-headed ogre zombies (D:12)
  11 orc warriors
  11 water moccasins
  2 ice beasts
  2 hornet zombies (Ossuary)
  4 black bears
  34 wolves
  8 ogres
  2 phantoms
  11 centaurs
  12 bullfrogs
  3 wyvern zombies (Ossuary)
  7 kobold brigands
  2 necrophages
  4 gnoll sergeants
  5 water moccasin zombies (Ossuary)
  4 scorpions
  4 wights (D:8)
  3 killer bees (D:7)
  An electric eel (Lair:3)
  A howler monkey (D:9)
  A centaur zombie (Ossuary)
  A komodo dragon simulacrum (Lair:2)
  7 bullfrog zombies (Ossuary)
  3 jellies
  36 orc priests
  3 gnoll boudas (D:7)
  2 hounds
  A water moccasin simulacrum (Lair:2)
  Crazy Yiuf (D:3)
  11 mummies (Ossuary)
  Ijyb (D:4)
  2 iguanas
  30 orc wizards
  A killer bee zombie (Ossuary)
  5 ogre zombies (D:12)
  A howler monkey zombie (Ossuary)
  Robin (D:4)
  29 gnolls
  13 adders
  15 white imps
  3 dart slugs
  70 orcs
  8 endoplasms
  8 giant cockroaches
  13 goblins
  12 hobgoblins
  10 jackals
  21 kobolds
  A quokka (D:2)
  6 ball pythons
  4 bats
  6 frilled lizards (D:3)
  3 goblin skeletons (D:12)
  2 goblin zombies (D:12)
  2 hobgoblin skeletons (D:12)
  3 hobgoblin zombies (D:12)
  3 orc skeletons (D:12)
  11 orc zombies (D:12)
  3 rats
737 creatures vanquished.

Vanquished Creatures (collateral kills)
  A minotaur (Gauntlet)
  An ice dragon (Lair:2)
  The ghost of acebull12 the Covert, a journeyman SpEE of Sif Muna (Lair:2)
  A kobold demonologist (D:10)
  2 rime drakes (Lair:2)
  3 dream sheep (Lair:5)
  An acid dragon (D:10)
  A cane toad simulacrum (Lair:2)
  A blink frog simulacrum (Lair:2)
  A polar bear simulacrum (Lair:2)
  A wolf simulacrum (Lair:2)
14 creatures vanquished.

Vanquished Creatures (others)
  A wizard (D:7)
  An orc (D:6)
  A hobgoblin (D:4)
  A kobold (D:11)
  An orc zombie (D:12)
  16 fungi
  58 plants
  5 withered plants (Ossuary)
84 creatures vanquished.

Grand Total: 835 creatures vanquished

Notes
Turn   | Place    | Note
-------+----------+-------------------------------------------
     0 | D:1      | themarg the Gnoll Transmuter began the quest for the Orb.
     0 | D:1      | Reached XP level 1. HP: 17/17 MP: 6/6
   102 | D:1      | Reached XP level 2. HP: 17/23 MP: 5/7
   108 | D:1      | Learned a level 2 spell: Wereblood
   348 | D:1      | Found a faded altar of an unknown god.
   848 | D:2      | Found Novaexy's Jewellery Emporium.
   863 | D:2      | Reached skill level 5 in Spellcasting
   863 | D:2      | Reached XP level 3. HP: 28/28 MP: 6/9
   867 | D:2      | Learned a level 3 spell: Spider Form
  1027 | D:2      | Reached skill level 1 in Invocations
  1073 | D:2      | Reached skill level 1 in Short Blades
  1073 | D:2      | Reached skill level 1 in Long Blades
  1073 | D:2      | Reached skill level 1 in Axes
  1073 | D:2      | Reached skill level 1 in Maces & Flails
  1073 | D:2      | Reached skill level 1 in Polearms
  1073 | D:2      | Reached skill level 1 in Staves
  1073 | D:2      | Reached skill level 1 in Ranged Weapons
  1073 | D:2      | Reached skill level 1 in Throwing
  1073 | D:2      | Reached skill level 1 in Armour
  1073 | D:2      | Reached skill level 1 in Stealth
  1073 | D:2      | Reached skill level 1 in Shields
  1073 | D:2      | Reached skill level 1 in Evocations
  1173 | D:2      | Reached XP level 4. HP: 23/34 MP: 9/11
  1310 | D:2      | Reached skill level 1 in Conjurations
  1310 | D:2      | Reached skill level 1 in Hexes
  1310 | D:2      | Reached skill level 1 in Summonings
  1310 | D:2      | Reached skill level 1 in Necromancy
  1310 | D:2      | Reached skill level 1 in Translocations
  1310 | D:2      | Reached skill level 1 in Fire Magic
  1310 | D:2      | Reached skill level 1 in Ice Magic
  1310 | D:2      | Reached skill level 1 in Air Magic
  1310 | D:2      | Reached skill level 1 in Earth Magic
  1310 | D:2      | Reached skill level 1 in Poison Magic
  1846 | D:3      | Reached XP level 5. HP: 40/40 MP: 8/12
  2182 | D:3      | Found a runed translucent door.
  2183 | D:3      | Noticed Crazy Yiuf
  2193 | D:3      | Killed Crazy Yiuf
  2634 | D:4      | Noticed Ijyb
  2691 | D:4      | Noticed Robin
  2712 | D:4      | Killed Ijyb
  2715 | D:4      | Killed Robin
  2716 | D:4      | Reached skill level 2 in Invocations
  2803 | D:4      | Reached XP level 6. HP: 47/47 MP: 10/13
  2932 | D:4      | Reached skill level 5 in Dodging
  3081 | D:4      | Found a staircase to the Ecumenical Temple.
  3085 | Temple   | Entered the Ecumenical Temple
  3241 | Temple   | Became a worshipper of Nemelex Xobeh the Trickster
  3427 | D:4      | Found a burning altar of Makhleb.
  3838 | D:4      | Noticed a black bear
  3846 | D:4      | Killed a black bear
  3847 | D:4      | Reached XP level 7. HP: 43/52 MP: 12/15
  3965 | D:5      | Entered Level 5 of the Dungeon
  4012 | D:5      | Reached * piety under Nemelex Xobeh
  4255 | D:5      | Received a gift from Nemelex Xobeh
  4448 | D:5      | Reached skill level 3 in Invocations
  4642 | D:5      | Reached XP level 8. HP: 60/60 MP: 13/16
  4754 | D:6      | Found a hazy altar of Hepliaklqana.
  4758 | D:6      | Found a glowing drain.
  4778 | Sewer    | Entered a sewer
  4933 | D:6      | Reached ** piety under Nemelex Xobeh
  4942 | D:6      | Found a sand-covered staircase.
  4948 | Ossuary  | Entered an ossuary
  5210 | Ossuary  | Reached skill level 4 in Invocations
  5258 | Ossuary  | Reached skill level 5 in Transmutations
  5442 | Ossuary  | Reached XP level 9. HP: 52/66 MP: 15/18
  5702 | Ossuary  | Reached skill level 5 in Fighting
  5942 | Ossuary  | Learned a level 4 spell: Ice Form
  6016 | Ossuary  | Learned a level 3 spell: Mephitic Cloud
  6402 | D:6      | Noticed a two-headed ogre
  6411 | D:6      | Killed a two-headed ogre
  6412 | D:6      | Reached skill level 5 in Invocations
  6724 | D:6      | Reached skill level 5 in Short Blades
  6724 | D:6      | Reached skill level 5 in Long Blades
  6724 | D:6      | Reached skill level 5 in Axes
  6724 | D:6      | Reached skill level 5 in Maces & Flails
  6724 | D:6      | Reached skill level 5 in Polearms
  6724 | D:6      | Reached skill level 5 in Staves
  6724 | D:6      | Reached skill level 5 in Ranged Weapons
  6724 | D:6      | Reached skill level 5 in Throwing
  6724 | D:6      | Reached skill level 5 in Armour
  6724 | D:6      | Reached skill level 5 in Stealth
  6724 | D:6      | Reached skill level 5 in Shields
  6724 | D:6      | Reached skill level 5 in Evocations
  6724 | D:6      | Reached XP level 10. HP: 76/76 MP: 18/20
  6954 | D:7      | Found Gatt's Vocational Training.
  6976 | D:7      | Found a flagged portal.
  6989 | Bailey   | Entered a bailey
  6994 | Bailey   | Noticed an orc warlord
  7068 | Bailey   | Noticed an orc knight
  7092 | Bailey   | Killed an orc knight
  7173 | Bailey   | Found a runed translucent gate.
  7175 | Bailey   | Found a runed translucent gate.
  7177 | Bailey   | Found a runed translucent gate.
  7256 | Bailey   | Killed an orc warlord
  7257 | Bailey   | Reached skill level 6 in Invocations
  7303 | Bailey   | Acquired 889 gold pieces
  7305 | Bailey   | Acquired 933 gold pieces
  7656 | D:7      | Bought a manual of Invocations for 1280 gold pieces
  8762 | D:7      | Reached skill level 5 in Conjurations
  8762 | D:7      | Reached skill level 5 in Hexes
  8762 | D:7      | Reached skill level 5 in Summonings
  8762 | D:7      | Reached skill level 5 in Necromancy
  8762 | D:7      | Reached skill level 5 in Translocations
  8762 | D:7      | Reached skill level 5 in Fire Magic
  8762 | D:7      | Reached skill level 5 in Ice Magic
  8762 | D:7      | Reached skill level 5 in Air Magic
  8762 | D:7      | Reached skill level 5 in Earth Magic
  8762 | D:7      | Reached skill level 5 in Poison Magic
  8762 | D:7      | Reached skill level 7 in Invocations
  8782 | D:7      | Reached XP level 11. HP: 44/83 MP: 22/22
  8977 | D:7      | Reached *** piety under Nemelex Xobeh
  8977 | D:7      | Received a gift from Nemelex Xobeh
  8986 | D:7      | Found a bloodstained altar of Trog.
  8988 | D:7      | Noticed a wizard
  8993 | D:7      | Killed a wizard
  9272 | D:8      | Noticed Maggie
  9288 | D:8      | Killed Maggie
  9490 | D:8      | Found a shadowy altar of Dithmenos.
  9691 | D:8      | Found a radiant altar of Vehumet.
 10047 | D:8      | Found an iron altar of Okawaru.
 10359 | D:9      | Received a gift from Nemelex Xobeh
 10689 | D:9      | Reached skill level 8 in Invocations
 10743 | D:9      | Noticed a two-headed ogre
 10752 | D:9      | Killed a two-headed ogre
 10843 | D:9      | Reached **** piety under Nemelex Xobeh
 11187 | D:10     | Entered Level 10 of the Dungeon
 11188 | D:10     | Found a portal to a secret trove of treasure.
 11379 | D:10     | Noticed a two-headed hydra
 11386 | D:10     | Killed a two-headed hydra
 11391 | D:10     | Identified the +1 halberd of Makhleb's Benevolence {venom,
                  | rElec rC++ Int+3}
 11713 | D:10     | Found a stormy altar of Qazlal.
 11774 | D:10     | Reached skill level 9 in Invocations
 11881 | D:10     | Found a staircase to the Lair.
 11890 | D:10     | Reached XP level 12. HP: 91/91 MP: 24/24
 12042 | D:10     | Found a glowing silver altar of Zin.
 12050 | D:10     | Found a snail-covered altar of Cheibriados.
 12581 | D:11     | Identified the +0 scale mail of Unambiguity {Harm rElec rC-
                  | rCorr}
 12735 | D:11     | Found a blossoming altar of Fedhas.
 13144 | D:11     | Learned a level 5 spell: Borgnjor's Vile Clutch
 13150 | D:11     | Learned a level 5 spell: Freezing Cloud
 13246 | Lair:1   | Entered Level 1 of the Lair of Beasts
 13256 | Lair:1   | Reached skill level 10 in Unarmed Combat
 13398 | Lair:1   | Reached ***** piety under Nemelex Xobeh
 13450 | Lair:1   | Received a gift from Nemelex Xobeh
 13547 | Lair:1   | Reached skill level 10 in Invocations
 13813 | Lair:1   | Received a gift from Nemelex Xobeh
 14085 | Lair:2   | Noticed acebull12's ghost (journeyman SpEE)
 14085 | Lair:2   | Noticed an ice dragon
 14160 | Lair:2   | Noticed a catoblepas
 14172 | Lair:2   | Killed a catoblepas
 14429 | Lair:2   | Received a gift from Nemelex Xobeh
 14610 | Lair:2   | Found a hole to the Spider Nest.
 14971 | Lair:2   | Found a runed translucent gate.
 14971 | Lair:2   | Found a runed translucent gate.
 14971 | Lair:2   | Found a runed translucent gate.
 15365 | Lair:3   | Reached XP level 13. HP: 99/99 MP: 18/26
 15383 | Lair:3   | Reached skill level 11 in Invocations
 15580 | Lair:3   | Identified the +2 mace "Denycu" {vamp, rCorr Dex+2}
 15678 | Lair:3   | Received a gift from Nemelex Xobeh
 16031 | Lair:3   | Received a gift from Nemelex Xobeh
 16204 | Lair:3   | Found a staircase to the Shoals.
 16641 | Lair:4   | Reached skill level 10 in Spellcasting
 17064 | Lair:4   | Reached skill level 10 in Dodging
 17064 | Lair:4   | Reached skill level 12 in Invocations
 17315 | Lair:4   | Received a gift from Nemelex Xobeh
 17760 | Lair:5   | Entered Level 5 of the Lair of Beasts
 17803 | Lair:5   | Found the +3 robe of Clouds {*Thunder rCloud rElec}
 17839 | Lair:5   | Reached XP level 14. HP: 18/108 MP: 21/28
 18426 | Lair:5   | Reached skill level 13 in Invocations
 18600 | Lair:5   | Found a viscous altar of Jiyva.
 18600 | Lair:5   | Found a staircase to the Slime Pits.
 18841 | Lair:5   | Reached skill level 10 in Fighting
 19253 | Lair:5   | Noticed a dire elephant
 19297 | Lair:5   | Killed a dire elephant
 19422 | Lair:5   | Identified the +7 spear of Bodily Harmony {antimagic, rF+
                  | Str+4}
 19423 | Lair:5   | Identified the ring of the Barracuda {Will+ rCorr Int+4}
 19797 | Lair:2   | Killed acebull12's ghost
 19817 | Lair:2   | Reached skill level 10 in Short Blades
 19817 | Lair:2   | Reached skill level 10 in Long Blades
 19817 | Lair:2   | Reached skill level 10 in Axes
 19817 | Lair:2   | Reached skill level 10 in Maces & Flails
 19817 | Lair:2   | Reached skill level 10 in Polearms
 19817 | Lair:2   | Reached skill level 10 in Staves
 19817 | Lair:2   | Reached skill level 10 in Ranged Weapons
 19817 | Lair:2   | Reached skill level 10 in Throwing
 19817 | Lair:2   | Reached skill level 10 in Armour
 19817 | Lair:2   | Reached skill level 10 in Stealth
 19817 | Lair:2   | Reached skill level 10 in Shields
 19817 | Lair:2   | Reached skill level 10 in Evocations
 19821 | Lair:2   | Got the ring of Bofapt {Fire rN+ Str+3 Int+4}
 20033 | D:12     | Found a gate leading to a gauntlet.
 20047 | Gauntlet | Entered a Gauntlet
 20047 | Gauntlet | Found a transporter.
 20047 | Gauntlet | Found a transporter.
 20047 | Gauntlet | Found a transporter.
 20048 | Gauntlet | Found a transporter.
 20052 | Gauntlet | Found a transporter.
 20053 | Gauntlet | Reached ****** piety under Nemelex Xobeh
 20066 | Gauntlet | Found a transporter.
 20066 | Gauntlet | Received a gift from Nemelex Xobeh
 20066 | Gauntlet | Noticed a dire elephant
 20067 | Gauntlet | Found a transporter.
 20126 | Gauntlet | Found a transporter.
 20142 | Gauntlet | Found a transporter.
 20151 | Gauntlet | Found a transporter.
 20161 | Gauntlet | Found a transporter.
 20176 | Gauntlet | Found a transporter.
 20602 | Gauntlet | Reached XP level 15. HP: 115/116 MP: 21/30
 20642 | Gauntlet | Reached skill level 14 in Invocations
 20651 | Gauntlet | Identified the +1 leather armour of Spite {Rampage}
 21099 | D:12     | Received a gift from Nemelex Xobeh
 21312 | D:12     | Found a staircase to the Orcish Mines.
 21750 | D:12     | Received a gift from Nemelex Xobeh
 22060 | Orc:1    | Entered Level 1 of the Orcish Mines
 22107 | Orc:1    | Received a gift from Nemelex Xobeh
 22397 | Orc:2    | Entered Level 2 of the Orcish Mines
 22397 | Orc:2    | Found a staircase to the Elven Halls.
 22664 | Orc:2    | Found Noaguth's Jewellery Emporium.
 22664 | Orc:2    | Found Uzanyom's Jewellery Shop.
 23173 | Orc:2    | Received a gift from Nemelex Xobeh
 23186 | Orc:2    | Found a runed translucent door.
 23292 | Orc:2    | Noticed Erolcha
 23293 | Orc:2    | Killed Erolcha
 23488 | Orc:2    | Noticed Dordric's ghost (journeyman HOMo)
 23638 | Orc:2    | Found Hezo Jopn's Armour Emporium.
 23638 | Orc:2    | Found Zuygav's Jewellery Shop.
 23736 | Orc:2    | Bought a +1 helmet of see invisible for 214 gold pieces
 23809 | Orc:2    | Killed Dordric's ghost
 23915 | Orc:2    | Identified the +1 crystal plate armour of Kerycw {rN+
                  | Dex+4}
 24739 | D:13     | Received a gift from Nemelex Xobeh
 25018 | D:13     | Noticed Snorg
 25032 | D:13     | Reached skill level 15 in Invocations
 25032 | D:13     | Killed Snorg
 25574 | D:13     | Received a gift from Nemelex Xobeh
 25793 | D:14     | Found a broken altar of Ashenzari.
 26005 | D:14     | Found a gate to the Vaults.
 26026 | D:14     | HP: 4/142 [vault guard/+1 battleaxe of electrocution (12)]
 26026 | D:14     | Slain by a vault guard

Illustrated notes

Levels and vault maps discovered:
D:1:      dpeg_arrival_radiant, layout_basic, ebering_ecumenical_altar_box
D:2:      layout_basic, serial_shops, shop
D:3:      layout_basic, uniq_crazy_yiuf_cottage
D:4:      layout_cave_pods, makhleb_heckhound_becter, temple_hall_moat,
          minmay_statues_item, uniq_ijyb, uniq_robin
D:5:      layout_gridville
D:6:      layout_basic, overflow_temple_1_default,
          lightli_ossuary_entry_decrepit_ruins, gup_sewer_entry_glass
D:7:      kennysheep_seaside_town, layout_loops_corners, trog_wizard,
          enter_bailey_6, nicolae_shop_vocational
D:8:      layout_rooms, marbit_many_paths, mainiacjoe_overflow_paths,
          overflow_temple_1_default, nicolae_elevator_lobby_asterisk,
          uniq_maggie
D:9:      layout_basic
D:10:     layout_loops_ring, nicolae_qazlal_style_of_elements,
          mainiacjoe_overflow_big_doors, david_lair_shrubbed,
          nicolae_trove_entry_crossroad, small_statue_intersection,
          hangedman_ranch
D:11:     layout_long_grid, fedhas_bush_and_centaur_altar
D:12:     layout_irregular_city, zombieorc2_lemuel, gauntlet_entry_generic
D:13:     minmay_s_stair_smasher, layout_small_grid, hangedman_decor_points,
          minmay_misc_feat_enclosed, uniq_snorg
D:14:     layout_long_grid, erik_vaults_2, serial_shops, shop,
          nicolae_shop_hallway_plus, nicolae_take_the_stairs,
          nicolae_shop_stone, cheibrodos_ashenzari_chains, serial_bayou_ford_a
Temple:   hellmonk_temple_forest_ring
Lair:1:   layout_hall_layers
Lair:2:   layout_cave_pods, spider_nest_entry_webs, portal_ice_cave_entry_imps,
          gammafunk_ghost_icy
Lair:3:   layout_cellular_growth, nicolae_shoals_entry_roost,
          nicolae_quartered_pool_impasse, grunt_megastairs_5, lemuel_fruit_tree
Lair:4:   layout_cave_pods
Lair:5:   grunt_lair_end_beastmaster, layout_small_grid,
          minmay_slime_entry_pillars
Orc:1:    layout_caves
Orc:2:    st_orc_town, layout_caves, ebering_ghost_reflecting_pool,
          mines4_lemuel, uniq_erolcha

Skill      XL: |  1  2  3  4  5  6  7  8  9 10 11 12 13 14 15 |
---------------+----------------------------------------------+-----
Spellcasting   | 5 6 7 8 9 10 11 | 11.9
Invocations    | 1 2 3 4 5 7 9 10 12 13 15 | 15.2
Short Blades   | 1 2 3 5 6 7 8 9 10 | 10.8
Long Blades    | 1 2 3 5 6 7 8 9 10 | 10.8
Axes           | 1 2 3 5 6 7 8 9 10 | 10.8
Maces & Flails | 1 2 3 5 6 7 8 9 10 | 10.8
Polearms       | 1 2 3 5 6 7 8 9 10 | 10.8
Staves         | 1 2 3 5 6 7 8 9 10 | 10.8
Ranged Weapons | 1 2 3 5 6 7 8 9 10 | 10.8
Throwing       | 1 2 3 5 6 7 8 9 10 | 10.8
Armour         | 1 2 3 5 6 7 8 9 10 | 10.8
Stealth        | 1 2 3 5 6 7 8 9 10 | 10.8
Shields        | 1 2 3 5 6 7 8 9 10 | 10.8
Evocations     | 1 2 3 5 6 7 8 9 10 | 10.8
Conjurations   | 1 2 3 4 5 6 7 8 9 |  9.1
Hexes          | 1 2 3 4 5 6 7 8 9 |  9.1
Summonings     | 1 2 3 4 5 6 7 8 9 |  9.1
Necromancy     | 1 2 3 4 5 6 7 8 9 |  9.1
Translocations | 1 2 3 4 5 6 7 8 9 |  9.1
Fire Magic     | 1 2 3 4 5 6 7 8 9 |  9.1
Ice Magic      | 1 2 3 4 5 6 7 8 9 |  9.1
Air Magic      | 1 2 3 4 5 6 7 8 9 |  9.1
Earth Magic    | 1 2 3 4 5 6 7 8 9 |  9.1
Poison Magic   | 1 2 3 4 5 6 7 8 9 |  9.1
Fighting       | 3 4 5 6 7 8 9 10 11 | 11.2
Transmutations | 4 5 6 7 8 9 |  9.9
Dodging        | 5 6 7 8 9 10 11 | 11.7
Unarmed Combat | 7 8 9 10 11 12 | 12.6

Action                   |  1- 3 |  4- 6 |  7- 9 | 10-12 | 13-15 || total
-------------------------+-------+-------+-------+-------+-------++-------
Melee: Unarmed           |    69 |   160 |   372 |   579 |   410 ||  1590
       Kick              |    12 |     2 |       |       |       ||    14
       Headbutt          |     6 |     1 |       |       |       ||     7
       Bite              |     2 |     2 |     2 |     1 |    27 ||    34
       Punch             |       |       |     2 |       |    16 ||    18
       Mace              |       |       |       |       |   147 ||   147
 Cast: Beastly Appendage |    20 |     2 |       |       |       ||    22
       Wereblood         |     1 |     2 |     3 |    15 |     7 ||    28
       Spider Form       |       |    32 |    31 |     5 |     3 ||    71
       Ice Form          |       |       |    10 |    59 |    46 ||   115
       Mephitic Cloud    |       |       |       |    21 |    10 ||    31
       Freezing Cloud    |       |       |       |    19 |   178 ||   197
       Borgnjor's Vile C |       |       |       |       |     8 ||     8
Invok: Draw Destruction  |       |       |     1 |     6 |    21 ||    28
       Draw Summoning    |       |       |       |     3 |     9 ||    12
       Triple Draw       |       |       |       |       |     4 ||     4
 Abil: End Transformatio |       |       |       |       |     1 ||     1
Evoke: Wand              |       |     1 |       |     3 |     4 ||     8
  Use: Potion            |       |     1 |       |       |     1 ||     2
       Scroll            |       |       |    12 |     9 |    13 ||    34
 Stab: Sleeping          |       |     2 |     1 |     4 |     4 ||    11
       Distracted        |       |       |     1 |     1 |     3 ||     5
       Confused          |       |       |       |    12 |     4 ||    16
Armor: Robe              |    14 |     2 |     1 |     4 |    38 ||    59
       Skin              |       |    12 |    35 |   130 |    89 ||   266
Dodge: Dodged            |    46 |   131 |   281 |   398 |   391 ||  1247

Table legend: (Time is in decaauts)
 A = Elapsed time spent in this place.
 B = Non-inter-level travel time spent in this place.
 C = Inter-level travel time spent in this place.
 D = Time resting spent in this place.
 E = Time spent auto-exploring this place.
 F = Levels seen in this place.
 G = Mean time per level.
                   A        B        C        D        E       F      G
               +--------+--------+--------+--------+--------+-----+--------+
         Total |  25832 |  24866 |    966 |   2163 |  17048 |  26 |  993.5 |
       Dungeon |  14678 |  14078 |    600 |    442 |  10818 |  14 | 1048.4 |
        Temple |    167 |    167 |      0 |      0 |    133 |   1 |  167.0 |
          Lair |   6593 |   6304 |    289 |    617 |   4460 |   5 | 1318.6 |
  Orcish Mines |   1979 |   1902 |     77 |    262 |   1210 |   2 |  989.5 |
         Sewer |    134 |    134 |      0 |      0 |     12 |   1 |  134.0 |
       Ossuary |   1095 |   1095 |      0 |    431 |    150 |   1 | 1095.0 |
        Bailey |    584 |    584 |      0 |    184 |    106 |   1 |  584.0 |
      Gauntlet |    598 |    598 |      0 |    227 |    158 |   1 |  598.0 |
               +--------+--------+--------+--------+--------+-----+--------+

Top non-repeatable levels by time:
  Lair:5: 1692 daAuts
    D:13: 1690 daAuts
     D:7: 1668 daAuts
    D:12: 1484 daAuts
  Lair:2: 1479 daAuts
   Orc:2: 1403 daAuts
  Lair:4: 1368 daAuts
    D:10: 1323 daAuts
  Lair:3: 1281 daAuts
     D:4: 1193 daAuts
 Ossuary: 1095 daAuts
     D:9: 1037 daAuts
     D:3: 1020 daAuts
     D:6: 991 daAuts
     D:8: 898 daAuts
